 Dungeon Crawl Stone Soup version coffee-0.2.0 (webtiles) character file.

Game seed: 481801982164286470, levelgen mode: deterministic

79 Dorkslayer the Ducker (level 4, 0/31 HPs)
             Began as an Octopode Fighter on Nov 1, 2020.
             Killed from afar by Sigmund (9 damage)
             ... with a magic dart
             ... on level 2 of the Dungeon.
             The game lasted 00:08:38 (1266 turns).

Dorkslayer the Ducker (Octopode Fighter)            Turns: 1266, Time: 00:08:38

Health: 0/31       AC:  1    Str: 16    XL:     4   Next: 37%
Magic:  5/5        EV: 13    Int: 10    God:
Gold:   67         SH: 13    Dex: 11    Spells: 3/3 levels left

rFire    . . .     SeeInvis .   a - +0 long sword
rCold    . . .     Gourm    .   b - +0 kite shield
rNeg     . . .     Faith    .   (helmet restricted)
rPois    .         Spirit   .   e - +4 amulet of reflection
rElec    .         Reflect  +   (no ring)
rCorr    .         Harm     .   (no ring)
MR       .....                  (no ring)
Stlth    ++++......             (no ring)
HPRegen  0.10/turn              (no ring)
MPRegen  0.09/turn              (no ring)
                                (no ring)
                                (no ring)

@: no status effects
A: almost no armour, stealthy swim, amphibious, 8 rings, constrict 8, camouflage
1, gelatinous body 1
a: no special abilities


You were on level 2 of the Dungeon.
You were not hungry.

You visited 1 branch of the dungeon, and saw 2 of its levels.

You collected 67 gold pieces.

Inventory:

Hand Weapons
 a - a +0 long sword (weapon)
Armour
 b - a +0 kite shield (worn)
 j - a +2 hat
Jewellery
 e - a +4 amulet of reflection (around mantle)
Wands
 g - a wand of random effects (21)
 n - a wand of polymorph (8)
Scrolls
 i - a scroll of holy word
 k - a scroll of amnesia
 l - a scroll of teleportation
 p - a scroll of fear
Potions
 c - 2 potions of mutation
 m - a potion of brilliance
 o - a potion of heal wounds
Comestibles
 d - 3 rations
 h - 5 chunks of flesh


   Skills:
 + Level 3.5(4.9) Fighting
 + Level 2.4 Long Blades
 + Level 3.6(5.0) Dodging
 + Level 1.6(6.0) Stealth
 + Level 3.1(4.7) Shields
 * Level 1.4 Evocations


You had 3 spell levels left.
You didn't know any spells.
Your spell library contained the following spells:

 Spells                   Type           Power        Failure   Level  Hunger
 Animate Skeleton         Necr           N/A          69%         1    #......
 Apportation              Tloc           #.....       69%         1    #......
 Corona                   Hex            #......      69%         1    #......
 Summon Small Mammal      Summ           #...         69%         1    #......


Dungeon Overview and Level Annotations

Branches:
Dungeon (2/10)
 Temple: D:2

Altars:
Qazlal

Annotations:
D:2 Sigmund


Innate Abilities, Weirdness & Mutations

You cannot wear most types of armour.
You are very stealthy in the water. (Stealth+)
You are amphibious.
You can wear up to eight rings at the same time.
You can use your tentacles to constrict eight enemies at once.
Your skin changes colour to match your surroundings (Stealth+).
Your rubbery body absorbs attacks. (AC +1, EV +1)


Message History

Sigmund is no longer blind.
Sigmund hits you with a +0 scythe.
You closely miss Sigmund. Your grab misses Sigmund.
Sigmund gestures at you while chanting. The magic dart hits you!
You closely miss Sigmund. Your grab misses Sigmund.
Sigmund gestures wildly while chanting.
Sigmund flickers and vanishes!
Deactivating autopickup; reactivate with Ctrl-A.
You hit something. Your squeeze misses something. Something barely misses you.
You hit something. Your squeeze misses something.
You hear some strange, mumbled words.
A magic dart appears from out of thin air!
The magic dart hits you.
You barely miss something. Something hits you.
* * * LOW HITPOINT WARNING * * *
You hit something.
You hear some strange, mumbled words.
A magic dart appears from out of thin air!
The magic dart hits you!
You die...

################
##########..............#
...........#.##########.#
##########...# #.# # #####
####.# # .<(##.# # #####
#.(###รท#
#..)######..###..###
#........@{# #..#..#
#...######..##.#...# ##
##.## #..#...#.# .# #.#
.###.#.## .# #.####
##.#...# .########.##.##
#...#.# ..........#...##
#..#..#
.#####.###.....###.####..##
.......##........(.# #_##


There were no monsters in sight!

Vanquished Creatures
  Jessica (D:2)
  An adder (D:2)
  A worm (D:2)
  A leopard gecko (D:2)
  9 bats
  2 giant cockroaches (D:1)
  9 goblins
  4 hobgoblins
  2 kobolds (D:1)
  2 frilled lizards (D:1)
  3 rats
35 creatures vanquished.

Notes
Turn   | Place    | Note
-------+----------+-------------------------------------------
     0 | D:1      | Dorkslayer the Octopode Fighter began the quest for the
                  | Orb.
     0 | D:1      | Reached XP level 1. HP: 16/16 MP: 1/1
   127 | D:1      | Reached XP level 2. HP: 20/21 MP: 2/2
   565 | D:1      | Reached XP level 3. HP: 26/26 MP: 3/3
   992 | D:2      | Reached skill level 1 in Stealth
   997 | D:2      | Reached skill level 1 in Evocations
  1028 | D:2      | Noticed Jessica
  1046 | D:2      | Killed Jessica
  1046 | D:2      | Reached XP level 4. HP: 20/31 MP: 3/5
  1143 | D:2      | Found a stormy altar of Qazlal.
  1255 | D:2      | Noticed Sigmund
  1266 | D:2      | Killed from afar by Sigmund

Levels and vault maps discovered:
D:1:      wander_arrival_peaceful_grave, layout_loops_corners,
          minmay_misc_feat_doors, minmay_tetromino_s2
D:2:      layout_loops_ring, marbit_many_paths, minmay_temple_entry_arrows,
          uniq_sigmund, uniq_natasha, uniq_jessica

Skill      XL: |  1  2  3 |
---------------+----------+-----
Stealth        | 1 |  1.6
Evocations     | 1 |  1.4
Fighting       | |  3.5
Long Blades    | |  2.4
Dodging        | |  3.6
Shields        | |  3.1

Action                   |  1- 3 |  4- 6 || total
-------------------------+-------+-------++-------
Melee: Long sword        |    49 |    11 ||    60
       Constrict         |    17 |     1 ||    18
       Tentacles         |    10 |       ||    10
Throw: Dart              |     3 |     5 ||     8
  Use: Potion            |     1 |       ||     1
 Stab: Sleeping          |     8 |       ||     8
  Eat: Chunk             |       |     1 ||     1
Armor: Skin              |     3 |     1 ||     4
Dodge: Dodged            |    24 |     2 ||    26
Block: Kite shield       |    31 |     3 ||    34
       Rpst.: Long sword |    12 |     1 ||    13
